 Dungeon Crawl Stone Soup version 0.19-a0-1110-g6a29f8a (webtiles) character file.

106 AlphabetPasta the Poker (level 4, -7/40 HPs)
             Began as a Naga Gladiator on Aug 11, 2016.
             Mangled by Guenter's ghost (14 damage)
             ... on level 3 of the Dungeon.
             The game lasted 00:10:35 (1670 turns).

AlphabetPasta the Poker (Naga Gladiator)            Turns: 1670, Time: 00:10:35

Health: -7/40      AC:  8    Str: 16 (18) XL:     4   Next: 84%
Magic:  4/4        EV:  5    Int:  8 (9)  God:
Gold:   123        SH:  0    Dex: 10 (11) Spells: 0 memorised, 3 levels left

rFire  . . .     SeeInvis +     a - +0 trident
rCold  + . .     Gourm    .     s - +2 chain mail {rC+}
rNeg   . . .     Faith    .     (no shield)
rPois  +         Spirit   .     c - +0 helmet
rElec  .         Dismiss  .     (no cloak)
rCorr  .         Reflect  .     (no gloves)
SustAt .         Harm     .     (no barding)
MR     .....                    (no amulet)
Stlth  ..........               (no ring)
                                (no ring)

@: very slow
A: see invisible, deformed body, poison resistance, slowness 2, slow metabolism
1, spit poison 2, AC +1
a: Spit Poison


You were on level 3 of the Dungeon.
You were not hungry.

You visited 1 branch of the dungeon, and saw 3 of its levels.

You collected 123 gold pieces.

Inventory:

Hand Weapons
 a - a +0 trident (weapon)
Missiles
 d - 3 throwing nets (quivered)
Armour
 b - a +0 leather armour
 c - a +0 helmet (worn)
 e - a +1 plate armour of cold resistance
 s - a +2 chain mail of cold resistance (worn)
Wands
 p - a wand of enslavement (6/24)
Scrolls
 h - a scroll of noise {unknown}
 i - a scroll of teleportation {unknown}
 m - 3 scrolls of identify {unknown}
 n - 2 scrolls of remove curse {unknown}
 o - a scroll of immolation {unknown}
 t - 2 scrolls of enchant weapon {unknown}
 v - a scroll of magic mapping {unknown}
Potions
 g - a potion of brilliance {unknown}
 j - a potion of flight {unknown}
 l - a potion of degeneration
 q - a potion of ambrosia {unknown}
Comestibles
 f - 3 bread rations
 k - 2 meat rations
 r - a slice of pizza
 u - 2 chunks of flesh


   Skills:
 + Level 2.6 Fighting
 * Level 4.2 Polearms
 - Level 1.7 Throwing
 + Level 1.2 Armour
 + Level 2.9 Dodging


You had 3 spell levels left.
You didn't know any spells.

Dungeon Overview and Level Annotations

Branches:
Dungeon (3/15)

Altars:

Annotations:
D:3 Guenter's ghost, amateur FoFi


Innate Abilities, Weirdness & Mutations

You cannot wear boots.
Your serpentine skin is tough. (AC +1)
You have supernaturally acute eyesight. (SInv)
Armour fits poorly on your strangely shaped body.
Your system is resistant to poisons. (rPois)
You cover ground very slowly.
You have a slow metabolism.
You can spit poison.


Message History

You see here 2 tomahawks.
Guenter's ghost barely misses you. Guenter's ghost hits you!
Guenter's ghost hits you but does no damage.
Guenter's ghost hits you but does no damage.
Guenter's ghost hits you.
Guenter's ghost whispers, "Death is liberation."
Guenter's ghost hits you.
Guenter's ghost says very slowly, "There's no hope."
Guenter's ghost hits you!
Guenter's ghost hits you but does no damage.
Guenter's ghost hits you.
Guenter's ghost makes a sound of rattling chains.
Guenter's ghost hits you.
* * * LOW HITPOINT WARNING * * *
It was a potion of degeneration.
There was something very wrong with that liquid.
You feel weakened.
You feel dopey.
You feel clumsy. Guenter's ghost hits you!
You die...

......# #.#
#####.# #.# ###
#.# #.# #.# #.#
######.# #.# #.#
#(.....# ..# #.#
#.###### #.###.#
#.# ....#.# #W#
..#.#.# #@#
.(#.#.##########.#
..#.#............#
..#.##############
..#.# #....#
..#.####.##.#
..#.#.....#.#
..#.##.#).#.#
..#.#<....#.#


You could see Guenter's ghost.

Vanquished Creatures
  Ijyb (D:2)
  Terence (D:2)
  An adder (D:2)
  An ooze (D:1)
  A worm (D:2)
  A dart slug (D:1)
  2 giant geckos (D:1)
  An orc (D:3)
  A ball python (D:3)
  4 bats
  4 giant cockroaches (D:2)
  3 goblins (D:1)
  3 hobgoblins
  A giant newt (D:2)
  6 kobolds
  5 rats
36 creatures vanquished.

Notes
Turn   | Place    | Note
-------+----------+-------------------------------------------
     0 | D:1      | AlphabetPasta the Naga Gladiator began the quest for the Orb.
     0 | D:1      | Reached XP level 1. HP: 19/19 MP: 1/1
    64 | D:1      | Reached XP level 2. HP: 25/26 MP: 2/2
   584 | D:1      | Reached XP level 3. HP: 32/32 MP: 3/3
   704 | D:2      | Noticed Ijyb
   716 | D:2      | Killed Ijyb
   716 | D:2      | Reached skill level 1 in Armour
   922 | D:2      | Reached XP level 4. HP: 40/40 MP: 4/4
  1043 | D:2      | Noticed Terence
  1050 | D:2      | Killed Terence
  1050 | D:2      | Reached skill level 4 in Polearms
  1634 | D:3      | Noticed Guenter's ghost (amateur FoFi)
  1670 | D:3      | Mangled by Guenter's ghost

Vault maps used:
D:1:      minmay_arrival_solitary_statue, minmay_tetromino_t2
D:2:      uniq_iyjb, uniq_terence
D:3:      ecumenical_altar_2, first_bread

Skill      XL: |  1  2  3  4 |
---------------+-------------+-----
Armour         | 1 |  1.2
Polearms       | 4 |  4.2
Fighting       | |  2.6
Throwing       | |  1.7
Dodging        | |  2.9

Action                   |  1- 3 |  4- 6 || total
-------------------------+-------+-------++-------
Melee: Trident           |    28 |    24 ||    52
 Abil: Spit Poison       |    24 |    14 ||    38
  Use: Potion            |       |     1 ||     1
 Stab: Sleeping          |     1 |       ||     1
  Eat: Chunk             |     1 |     3 ||     4
Armor: Leather armour    |     3 |       ||     3
       Chain mail        |       |    12 ||    12
Dodge: Dodged            |    12 |    13 ||    25
